 Dungeon Crawl Stone Soup version bcrawl-1.12.2 (webtiles) character file.

Game seed: 9467441849114927493

6 Ebbett the Caller (level 1, -1/11 HPs)
             Began as an Octopode Summoner on July 23, 2019.
             Slain by a hobgoblin
             ... wielding a +0 club
              (2 damage)
             ... on level 1 of the Dungeon.
             The game lasted 00:01:35 (283 turns).

Ebbett the Caller (Octopode Summoner)                Turns: 283, Time: 00:01:35

Health: -1/11      AC:  1    Str:  7    XL:     1   Next: 90%
Magic:  0/3        EV: 13    Int: 17    God:
Gold:   32         SH:  0    Dex: 12    Spells: 3/4 levels left

rFire    . . .     SeeInvis .   a - +0 short sword
rCold    . . .     Gourm    .   (no shield)
rNeg     . . .     Faith    .   (helmet restricted)
rPois    .         Spirit   .   (cloak restricted)
rElec    .         Reflect  .   (no amulet)
rCorr    .         Harm     .   (no ring)
MR       .....                  (no ring)
Stlth    +++.......             (no ring)
HPRegen  0.03/turn              (no ring)
MPRegen  0.08/turn              (no ring)
                                (no ring)
                                (no ring)
                                (no ring)

@: no status effects
A: almost no armour, stealthy swim, amphibious, 8 rings, constrict 8, camouflage
1, gelatinous body 1
a: no special abilities


You were on level 1 of the Dungeon.
You were not hungry.

You visited 1 branch of the dungeon, and saw 1 of its levels.

You collected 32 gold pieces.

Inventory:

Hand Weapons
 a - a +0 short sword (weapon)
Potions
 c - a potion of agility {unknown}
Comestibles
 b - a ration {!d}


   Skills:
 + Level 2.0 Dodging
 + Level 3.0 Stealth
 + Level 2.0 Spellcasting
 + Level 4.3 Summonings


You had 3 spell levels left.
You knew the following spells:

 Your Spells              Type           Power        Failure   Level  Hunger
a - Summon Small Mammal   Summ           ###.         3%          1    #......

Your spell library contained the following spells:

 Spells                   Type           Power        Failure   Level  Hunger
 Call Imp                 Summ           ###.....     4%          2    ###....
 Call Canine Familiar     Summ           ###.....     10%         3    ###....
 Summon Ice Beast         Ice/Summ       #.......     61%         4    #####..
 Summon Lightning Spire   Summ/Air       #.......     91%         5    ######.


Dungeon Overview and Level Annotations

Branches:
Dungeon (1/12)

Altars:


Innate Abilities, Weirdness & Mutations

You cannot wear most types of armour.
You are very stealthy in the water. (Stealth+)
You are amphibious.
You can wear up to eight rings at the same time.
You can use your tentacles to constrict eight enemies at once.
Your skin changes colour to match your surroundings (Stealth+).
Your rubbery body absorbs attacks. (AC +1, EV +1)


Message History

Your bat barely misses the hobgoblin.
Your bat hits the hobgoblin but does no damage.
The hobgoblin barely misses you. The hobgoblin completely misses you.
Your bat closely misses the hobgoblin.
You swap places.
Your bat barely misses the hobgoblin.
Your bat hits the hobgoblin but does no damage.
Your bat misses the hobgoblin.
Your bat barely misses the hobgoblin.
Your bat hits the hobgoblin but does no damage.
The hobgoblin hits you with a +0 club.
* * * LOW HITPOINT WARNING * * *
You swap places.
Your bat barely misses the hobgoblin.
Your bat closely misses the hobgoblin.
Casting: Summon Small Mammal (safe; 3% risk of failure)
Confirm with . or Enter, or press ? or * to list all spells.
Your bat barely misses the hobgoblin. x2; Your bat hits the hobgoblin.
The hobgoblin barely misses you.
You swap places.
Your bat closely misses the hobgoblin.
Your bat hits the hobgoblin but does no damage.
Your bat barely misses the hobgoblin.
The hobgoblin hits you with a +0 club.
You die...

#.# #...... ######.##
#.##.##
#.......#####.##.##
#.#####............
########.#
#.......##.##
.........#
#.......##.##
##.#####.#
#..###.......
#.###.#####..###.#.#.##
#....@..............##
##.#.rg....†##..).....
##..#>b.##...)...####
##.....##.##....####
#...#####.#####.....
#.#.#..# #.# ######
#.....# #.# #..###.#
#.# ##. #.# #.#


You could see a hobgoblin, a friendly quokka and a friendly bat.

Vanquished Creatures (collateral kills)
  A leopard gecko (D:1)
  A giant cockroach (D:1)
  A goblin (D:1)
  A hobgoblin (D:1)
  A bat (D:1)
  2 kobolds (D:1)
  A rat (D:1)
8 creatures vanquished.

Notes
Turn   | Place    | Note
-------+----------+-------------------------------------------
     0 | D:1      | Ebbett the Octopode Summoner began the quest for the Orb.
     0 | D:1      | Reached XP level 1. HP: 11/11 MP: 3/3
   283 | D:1      | Slain by a hobgoblin

Action                   || total
-------------------------++-------
 Cast: Summon Small Mamm ||    20
Armor: Skin              ||     1
Dodge: Dodged            ||    15
